 Dungeon Crawl Stone Soup version 0.28-a0-172-g787e458d71 (webtiles) character file.

Game seed: 5904973474084367511

4115 Spaninq the Cleaver (level 10, -7/84 HPs)
             Began as a Palentonga Transmuter on Aug 16, 2021.
             Was an Initiate of Okawaru.
             Mangled by an orc warrior (11 damage)
             ... summoned by the player character
             ... on level 8 of the Dungeon.
             The game lasted 00:27:43 (9784 turns).

Spaninq the Cleaver (Palentonga Transmuter)         Turns: 9784, Time: 00:27:43

Health: -7/84      AC: 18    Str: 16    XL:     10   Next: 6%
Magic:  13/13      EV:  5    Int: 14    God:    Okawaru [......]
Gold:   242        SH:  5    Dex: 11    Spells: 13/13 levels left

rFire   . . .      SeeInvis +   j - +7 war axe of the Exiled Quests {speed, Will+}
rCold   . . .      Faith    .   (no shield)
rNeg    . . .      Spirit   .   C - +0 chain mail
rPois   .          Reflect  +   a - +0 helmet
rElec   .          Harm     .   (no cloak)
rCorr   .          Rampage  .   l - +0 pair of gloves
Will    ++...                   (no barding)
Stlth   ..........              t - amulet of reflection
HPRegen 0.24/turn               z - ring of willpower
MPRegen 0.13/turn               (no ring)

@: curled up
A: large, rugged brown scales 3, see invisible, deformed body, roll 1, armoured
tail, reflexive curl
a: Rolling Charge, Renounce Religion


You were on level 8 of the Dungeon.
You worshipped Okawaru.
Okawaru was noncommittal.
You visited 2 branches of the dungeon, and saw 9 of its levels.

You collected 466 gold pieces.
You spent 224 gold pieces at shops.

Inventory:

Hand Weapons
 c - a +0 glaive of flaming
 e - a +1 whip of electrocution
 j - the +7 war axe of the Exiled Quests (weapon) {speed, Will+}
   (You took it off an orc on level 4 of the Dungeon)

   Attacks with this weapon are significantly faster.
   Will:      It increases your willpower.
 x - a +5 war axe of freezing
Missiles
 p - 2 throwing nets
Armour
 a - a +0 helmet (worn)
 l - a +0 pair of gloves (worn)
 A - +0 steam dragon scales
 C - a +0 chain mail (worn)
Jewellery
 t - an amulet of reflection (around neck)
 w - a ring of flight
 z - a ring of willpower (left hand)
Wands
 n - a wand of paralysis (8)
 v - a wand of acid (8)
Scrolls
 b - 2 scrolls of identify
 d - a scroll of blinking
 f - 3 scrolls of fear
 g - a scroll of enchant weapon
 h - a scroll of enchant armour
 m - a scroll of amnesia
 o - a scroll of magic mapping
Potions
 s - a potion of brilliance
 u - a potion of attraction
 D - 2 potions of ambrosia


   Skills:
 + Level 7.3 Fighting
 * Level 9.3(9.6) Axes
 - Level 3.7(7.0) Maces & Flails
 + Level 4.5 Armour
 - Level 4.0 Dodging
 - Level 3.5 Unarmed Combat
 - Level 2.0 Spellcasting
 - Level 2.0 Transmutations


You had 13 spell levels left.
You didn't know any spells.
Your spell library contained the following spells:

 Spells                   Type           Power      Damage    Failure   Level
 Beastly Appendage        Tmut           14%        N/A       85%         1
 Wereblood                Tmut           7%         N/A       94%         2
 Corona                   Hex            1%         N/A       98%         1
 Magic Dart               Conj           4%         1d3       98%         1
 Sandblast                Erth           2%         2d4       98%         1
 Passwall                 Tmut/Erth      3%         N/A       98%         2
 Corpse Rot               Necr/Air       N/A        N/A       99%         2
 Ensorcelled Hibernation  Hex/Ice        2%         N/A       99%         2
 Searing Ray              Conj           2%         3d3       99%         2
 Conjure Flame            Conj/Fire      1%         6-21      100%        3
 Ignite Poison            Fire/Tmut/Pois 3%         N/A       100%        3
 Ozocubu's Armour         Ice            1%         N/A       100%        3
 Spider Form              Tmut/Pois      2%         N/A       100%        3
 Dispel Undead            Necr           1%         3d6       100%        4
 Fulminant Prism          Conj/Hex       0%         3d6       100%        4
 Ice Form                 Ice/Tmut       4%         N/A       100%        4
 Iskenderun's Mystic Bla  Conj/Tloc      1%         2d3       100%        4
 Sticky Flame             Conj/Fire      1%         2d3       100%        4
 Lee's Rapid Deconstruct  Erth           0%         3d5*      100%        5
 Ozocubu's Refrigeration  Ice            0%         4d5       100%        7
 Tukima's Dance           Hex            Unusable   N/A       N/A         3
 Death Channel            Necr           Unusable   N/A       N/A         6

Dungeon Overview and Level Annotations

Branches:
Dungeon (8/15)             Temple (1/1) D:6
   Lair: D:8-11

Altars:
Ashenzari
Cheibriados
Dithmenos
Elyvilon
Fedhas
Gozag
Hepliaklqana
Kikubaaqudgha
Makhleb
Nemelex Xobeh
Okawaru
Qazlal
Ru
Sif Muna
Trog
Vehumet
Wu Jian
Xom
Yredelemnul
Zin
The Shining One

Shops:
D:2 [


Innate Abilities, Weirdness & Mutations

You are completely covered in rugged brown scales. (AC +3, +7% HP)
You have supernaturally acute eyesight. (SInv)
Armour fits poorly on your strangely shaped body.
You can roll at nearby foes to attack.
You have a long armoured tail.
You curl defensively after being hit.


Message History

The bolt of acid hits the hornet!
The hornet is splashed with acid.
The acid corrodes the hornet!
The hornet is heavily wounded.
The hornet stings you but does no damage.
The orc warrior hits you with a +0 scimitar!!
* * * LOW HITPOINT WARNING * * *
The bullfrog hits you but does no damage.
The hornet stings you.
* * * LOW HITPOINT WARNING * * *
You feel yourself slow down.
You feel much better.
The hornet dissolves into shadows!
You block the bullfrog's attack.
The orc warrior hits you with a +0 scimitar!
* * * LOW HITPOINT WARNING * * *
The bullfrog barely misses you. You block the orc warrior's attack.
Okay, then.
You slice the bullfrog!! You tail-slap the bullfrog.
The bullfrog is almost dead.
You hit the orc warrior. The bullfrog hits you.
* * * LOW HITPOINT WARNING * * *
The bullfrog hits you but does no damage.
The orc warrior hits you with a +0 scimitar.
* * * LOW HITPOINT WARNING * * *
You completely miss the bullfrog.
The bullfrog is almost dead.
You barely miss the orc warrior. You block the bullfrog's attack.
The orc warrior hits you with a +0 scimitar!
* * * LOW HITPOINT WARNING * * *
You feel better.
You feel yourself speed up.
The bullfrog hits you but does no damage. x2
The orc warrior hits you with a +0 scimitar!
* * * LOW HITPOINT WARNING * * *
The bullfrog barely misses you.
You feel better.
The bullfrog dissolves into shadows!
The orc warrior hits you with a +0 scimitar!
* * * LOW HITPOINT WARNING * * *
You see here a +0 ring mail.
The orc warrior hits you with a +0 scimitar!
You die...

#.............*
#.............#
#.............#
#.............#
#.............#
#.........)...#
#.............#
#....#######..#
#....#.@[..#.##
##...#..o..#..#
*###.[.._..#..#
#..?.#!..$.#..#
#....#...$$#..#
#....#######..#
***#......Z......#
*,..!......##....#
*.###......#*....#


You could see an orc warrior (summoned) and a centaur zombie.

Vanquished Creatures
  A centaur zombie (D:5)
  A hornet (D:8)
  Prince Ribbit (D:6)
  Grinder (D:6)
  Eustachio (D:4)
  Menkaure (D:5)
  A steam dragon (D:8)
  A water moccasin (D:6)
  A sky beast (D:6)
  An ice beast (D:7)
  An ogre (D:5)
  4 centaurs
  A phantom (D:5)
  A kobold brigand (D:8)
  A gnoll sergeant (D:5)
  4 scorpions
  A water moccasin skeleton (D:4)
  7 wights
  2 centaur skeletons
  6 orc priests
  6 hounds
  2 jellies
  4 iguanas
  Ijyb (D:5)
  5 orc wizards
  A scorpion zombie (D:5)
  A hound skeleton (D:5)
  2 howler monkey zombies
  6 gnolls
  11 adders
  A worm (D:2)
  2 dart slugs (D:1)
  30 orcs
  5 bats
  11 endoplasms
  2 giant cockroaches
  A goblin (D:4)
  10 hobgoblins
  4 jackals (D:4)
  9 kobolds
  2 quokkas
  15 ball pythons
  4 frilled lizards
  2 rats (D:1)
175 creatures vanquished.

Vanquished Creatures (collateral kills)
  Maggie (D:8)
1 creature vanquished.

Grand Total: 176 creatures vanquished

Notes
Turn   | Place    | Note
-------+----------+-------------------------------------------
     0 | D:1      | Spaninq the Palentonga Transmuter began the quest for the
                  | Orb.
     0 | D:1      | Reached XP level 1. HP: 16/16 MP: 3/3
   413 | D:1      | Reached XP level 2. HP: 20/22 MP: 3/5
   598 | D:1      | Found a faded altar of an unknown god.
   751 | D:2      | Found Ydwaopra's Antique Armour Emporium.
   834 | D:2      | Reached XP level 3. HP: 22/27 MP: 6/6
   920 | D:2      | Reached skill level 1 in Maces & Flails
  1471 | D:2      | Reached XP level 4. HP: 33/35 MP: 7/7
  2128 | D:3      | Found a glowing silver altar of Zin.
  2572 | D:4      | Found a white marble altar of Elyvilon.
  2572 | D:4      | Found an opulent altar of Gozag.
  2572 | D:4      | Noticed a scorpion
  2578 | D:4      | Killed a scorpion
  2579 | D:4      | Reached XP level 5. HP: 41/41 MP: 8/8
  2794 | D:4      | Noticed Eustachio
  2811 | D:4      | Identified the +7 war axe of the Exiled Quests {speed,
                  | Will+}
  2852 | D:4      | Reached XP level 6. HP: 31/50 MP: 9/9
  3023 | D:4      | Reached skill level 1 in Axes
  3627 | D:4      | Reached skill level 2 in Axes
  3871 | D:4      | Gained mutation: You curl defensively after being hit.
                  | [Palentonga growth]
  3871 | D:4      | Reached XP level 7. HP: 40/56 MP: 10/10
  4030 | D:5      | Entered Level 5 of the Dungeon
  4035 | D:5      | Reached skill level 3 in Axes
  4083 | D:5      | Found a snail-covered altar of Cheibriados.
  4253 | D:5      | Reached skill level 1 in Armour
  4629 | D:5      | Reached skill level 4 in Axes
  4629 | D:5      | Reached XP level 8. HP: 54/65 MP: 11/11
  4702 | D:5      | Reached skill level 5 in Axes
  4809 | D:5      | Reached skill level 5 in Fighting
  5203 | D:5      | Noticed Menkaure
  5204 | D:5      | Killed Menkaure
  5205 | D:5      | Reached skill level 6 in Axes
  5227 | D:5      | Noticed Ijyb
  5241 | D:5      | Killed Ijyb
  6132 | D:6      | Noticed Grinder
  6132 | D:6      | Paralysed by Grinder for 3 turns
  6143 | D:6      | Paralysed by Grinder for 7 turns
  6151 | D:6      | Killed Grinder
  6152 | D:6      | Reached skill level 7 in Axes
  6152 | D:6      | Reached XP level 9. HP: 60/73 MP: 12/12
  6328 | D:6      | Noticed Prince Ribbit
  6335 | D:6      | Killed Prince Ribbit
  7265 | D:6      | Found a staircase to the Ecumenical Temple.
  7274 | Temple   | Entered the Ecumenical Temple
  8145 | D:7      | Reached skill level 8 in Axes
  8783 | D:4      | Killed Eustachio
  8859 | D:2      | Bought a helmet for 112 gold pieces
  8859 | D:2      | Bought a pair of gloves for 112 gold pieces
  8986 | D:8      | Noticed Maggie
  9347 | D:7      | Reached skill level 9 in Axes
  9613 | D:8      | Found a shadowy altar of Dithmenos.
  9616 | D:8      | Reached XP level 10. HP: 73/84 MP: 13/13
  9749 | D:8      | Found an iron altar of Okawaru.
  9767 | D:8      | Killed Maggie
  9773 | D:8      | Became a worshipper of Warmaster Okawaru
  9773 | D:8      | Paralysed by a hornet for 2 turns
  9776 | D:8      | HP: 1/84 [hornet[the player character] (5)]
  9781 | D:8      | HP: 3/84 [orc warrior[the player character] (7)]
  9784 | D:8      | Mangled by an orc warrior

Illustrated notes

Levels and vault maps discovered:
D:1:      minmay_arrival_diagonal_passages, layout_rooms,
          chequers_ecumenical_altar_lobes, minmay_hexomino_u4
D:2:      layout_basic, serial_shops, nicolae_shop_stone,
          kennysheep_generic_room_12
D:3:      layout_rooms, mainiacjoe_overflow_cross_hatched
D:4:      layout_basic, chequers_temple_overflow_statue_of_worship,
          st_stairs_14, cheibrodos_gnoll_hut, uniq_eustachio
D:5:      layout_cave_pods, overflow_temple_1_default, uniq_menkaure, uniq_ijyb
D:6:      layout_gridville, minmay_temple_entry_statues_fountains,
          uniq_prince_ribbit1, uniq_grinder
D:7:      nicolae_whirlpool, layout_loops_ring, serial_rivers,
          chequers_serial_rivers_small_a, chequers_serial_rivers_room_b,
          chequers_serial_rivers_micro_b, chequers_serial_rivers_marsh,
          chequers_serial_rivers_micro_b, chequers_serial_rivers_micro_b
D:8:      layout_gridville, amcnicky_altar_gilded, mainiacjoe_overflow_chevrons,
          grunt_ministairs_12, uniq_maggie, uniq_joseph
Temple:   regret_index_temple_waves

Skill      XL: |  1  2  3  4  5  6  7  8  9 |
---------------+----------------------------+-----
Dodging        | 2 3 4 |  4.0
Maces & Flails | 1 2 3 |  3.7
Fighting       | 2 3 4 5 7 |  7.3
Axes           | 2 4 7 9 |  9.3
Armour         | 2 3 4 |  4.5
Unarmed Combat | |  3.5
Spellcasting   | |  2.0
Transmutations | |  2.0

Action                   |  1- 3 |  4- 6 |  7- 9 | 10-12 || total
-------------------------+-------+-------+-------+-------++-------
Melee: Unarmed           |    42 |       |       |       ||    42
       Tailslap          |     8 |    14 |    30 |     1 ||    53
       Kick              |     4 |       |       |       ||     4
       Headbutt          |     3 |       |       |       ||     3
       Whip              |    58 |   111 |       |       ||   169
       Punch             |       |     3 |     6 |       ||     9
       War axe           |       |    53 |   267 |    13 ||   333
 Cast: Beastly Appendage |     7 |       |       |       ||     7
 Abil: Rolling Charge    |    11 |     3 |    30 |       ||    44
Evoke: Wand              |       |       |       |     1 ||     1
  Use: Scroll            |       |       |     6 |    14 ||    20
       Potion            |       |       |     1 |     4 ||     5
 Stab: Sleeping          |       |     1 |     1 |       ||     2
Armor: Robe              |    44 |    40 |    29 |       ||   113
       Ring mail         |       |       |    21 |       ||    21
       Chain mail        |       |       |    25 |    10 ||    35
Dodge: Dodged            |    50 |    61 |    90 |     3 ||   204
Block: Other             |       |       |    41 |     5 ||    46
       Reflection        |       |       |     6 |       ||     6

Table legend: (Time is in decaauts)
 A = Elapsed time spent in this place.
 B = Non-inter-level travel time spent in this place.
 C = Inter-level travel time spent in this place.
 D = Time resting spent in this place.
 E = Time spent auto-exploring this place.
 F = Levels seen in this place.
 G = Mean time per level.
                   A        B        C        D        E       F      G
               +--------+--------+--------+--------+--------+-----+--------+
         Total |   9764 |   8922 |    842 |   1662 |   5565 |   9 | 1084.9 |
       Dungeon |   9623 |   8849 |    774 |   1662 |   5494 |   8 | 1202.9 |
        Temple |    140 |     72 |     68 |      0 |     71 |   1 |  140.0 |
               +--------+--------+--------+--------+--------+-----+--------+

Top non-repeatable levels by time:
     D:4: 1903 daAuts
     D:5: 1830 daAuts
     D:6: 1616 daAuts
     D:2: 1377 daAuts
     D:7: 1323 daAuts
     D:1: 738 daAuts
     D:3: 541 daAuts
     D:8: 291 daAuts
  Temple: 140 daAuts
